 Dungeon Crawl Stone Soup version 0.27-a0-1325-g58a489ad9e (webtiles) character file.

Game seed: 13861147761977816375

634 siradein the Basher (level 7, -5/41 HPs)
             Began as a Gargoyle Fighter on June 23, 2021.
             Was an Initiate of Makhleb.
             Slain by Prince Ribbit (13 damage)
             ... on level 4 of the Dungeon on June 25, 2021.
             The game lasted 00:09:09 (5624 turns).

siradein the Basher (Gargoyle Fighter)              Turns: 5624, Time: 00:09:10

Health: -5/41      AC: 13    Str: 21    XL:     7   Next: 49%
Magic:  7/7        EV:  5    Int:  9    God:    Makhleb [......]
Gold:   230        SH:  9    Dex:  9    Spells: 6/6 levels left

rFire    + . .     SeeInvis .   a - +0 flail
rCold    . . .     Faith    .   c - +0 kite shield
rNeg     + . .     Spirit   .   l - +0 chain mail
rPois    ∞         Reflect  .   (no helmet)
rElec    +         Harm     .   (no cloak)
rCorr    .         Rampage  .   (no gloves)
Will     .....                  (no boots)
Stlth    ..........             (no amulet)
HPRegen  0.13/turn              n - ring of protection from fire
MPRegen  0.10/turn              (no ring)

@: no status effects
A: sickness immunity, AC +4, negative energy resistance 1, electricity
resistance, torment resistance 1, petrification resistance
a: Renounce Religion


You were on level 4 of the Dungeon.
You worshipped Makhleb.
Makhleb was noncommittal.
You visited 2 branches of the dungeon, and saw 6 of its levels.

You collected 230 gold pieces.

Inventory:

Hand Weapons
 a - a +0 flail (weapon)
Missiles
 y - 4 poisoned darts (quivered)
Armour
 c - a +0 kite shield (worn)
 l - a +0 chain mail (worn)
Jewellery
 n - a ring of protection from fire (left hand)
 x - a ring of willpower
Wands
 o - a wand of digging (5)
 r - a wand of mindburst (13)
Scrolls
 b - a scroll of enchant weapon {unknown}
 e - a scroll of magic mapping {unknown}
 h - a scroll of immolation {unknown}
 i - 2 scrolls of vulnerability {unknown}
 k - a scroll of fear {unknown}
 m - 2 scrolls of holy word {unknown}
 p - a scroll of noise {unknown}
 t - 2 scrolls of blinking {unknown}
 w - a scroll of teleportation {unknown}
Potions
 d - 2 potions of might
 f - 2 potions of invisibility {unknown}
 g - 3 potions of haste {unknown}
 j - a potion of attraction {unknown}
 q - a potion of lignification {unknown}
 s - a potion of heal wounds {unknown}
 u - a potion of ambrosia {unknown}
 v - 2 potions of curing {unknown}


   Skills:
 - Level 3.2 Fighting
 + Level 8.2 Maces & Flails
 - Level 3.2 Armour
 - Level 3.2 Shields


You had 6 spell levels left.
You didn't know any spells.
Your spell library contained the following spells:

 Spells                   Type           Power      Damage    Failure   Level
 Summon Small Mammal      Summ           0%         N/A       100%        1
 Call Imp                 Summ           0%         N/A       100%        2
 Call Canine Familiar     Summ           0%         N/A       100%        3
 Summon Guardian Golem    Hex/Summ       0%         N/A       100%        3
 Summon Ice Beast         Ice/Summ       0%         N/A       100%        4
 Summon Lightning Spire   Summ/Air       0%         N/A       100%        4


Dungeon Overview and Level Annotations

Branches:
Dungeon (5/15)             Temple (1/1) D:4

Altars:
Elyvilon
Fedhas
Gozag
Makhleb
Qazlal
Ru
Trog
Vehumet
Xom
Yredelemnul
Zin

Shops:
D:2 (*

Annotations:
D:3 2 transporters
D:4 Prince Ribbit


Innate Abilities, Weirdness & Mutations

You are immune to sickness and miasma.
Your stone body is resilient. (AC +4)
You are immune to poison.
You resist negative energy. (rN+)
You are resistant to electric shocks. (rElec)
You are resistant to unholy torment.
You are immune to petrification.


Message History

The poisoned dart barely misses Prince Ribbit.
Throw: 5 darts (poison)
Press: ? - help, Q - select action, (/) - cycle Shift-Dir - straight line, f/p - Prince Ribbit
Aim: Prince Ribbit (moderately wounded, 25% to hit)
You throw a poisoned dart.
The poisoned dart barely misses Prince Ribbit.
Prince Ribbit croaks regally.
Prince Ribbit blinks!
Prince Ribbit lets out a mournful croak.
Prince Ribbit blinks!
Prince Ribbit blinks!
There is a stone staircase leading up here.
You climb upwards.
There is a stone staircase leading down here.
You start resting.
HP restored.
You climb downwards.
Level annotation: Prince Ribbit
There is a stone staircase leading up here.
Prince Ribbit hits you. You block Prince Ribbit's attack.
You climb upwards.
There is a stone staircase leading down here.
You barely miss Prince Ribbit. Prince Ribbit hits you. x2
You miss Prince Ribbit. You block Prince Ribbit's attack.
Prince Ribbit hits you but does no damage.
You miss Prince Ribbit. Prince Ribbit hits you.
You sock Prince Ribbit!
Prince Ribbit is moderately wounded.
You block Prince Ribbit's attack. x2
You closely miss Prince Ribbit.
Prince Ribbit is moderately wounded.
Prince Ribbit hits you. You block Prince Ribbit's attack.
You closely miss Prince Ribbit.
Prince Ribbit is moderately wounded.
Prince Ribbit hits you!
* * * LOW HITPOINT WARNING * * *
Prince Ribbit hits you.
* * * LOW HITPOINT WARNING * * *
Prince Ribbit hits you!
You die...

.#### ##..## ##..##
....#######..## ####
##....# ###..........#
##..## #.....##
##...#####..#####....#
#......# #......#
##..##......##
##.....# ##...####
##..#.......# #.....#
#....# ##.........#
#.....# #...##
##........## ##....#
#...# ##@.......#
#....## ...##
#F.......# #....# ...#
#........###...## .(##
#.........##..## ..#
##.>......##..# .##
#........##..# ..##
#........##..# ...##
##.......##..# ....#
#......##...#


You could see Prince Ribbit.

Vanquished Creatures
  2 ice beasts
  A centaur (D:4)
  A scorpion (D:5)
  A jelly (D:4)
  2 hounds (D:4)
  2 orc wizards (D:4)
  A hound skeleton (D:5)
  5 adders
  A gnoll (D:1)
  A white imp (D:5)
  An adder skeleton (D:4)
  4 worms
  2 dart slugs
  5 orcs
  9 ball pythons
  4 endoplasms
  4 giant cockroaches
  4 goblins
  5 hobgoblins
  10 jackals
  3 quokkas
  8 bats
  2 frilled lizards (D:2)
  4 kobolds
  7 rats
89 creatures vanquished.

Notes
Turn   | Place    | Note
-------+----------+-------------------------------------------
     0 | D:1      | siradein the Gargoyle Fighter began the quest for the Orb.
     0 | D:1      | Reached XP level 1. HP: 14/14 MP: 1/1
    71 | D:1      | Reached XP level 2. HP: 9/19 MP: 2/2
   268 | D:1      | Found a faded altar of an unknown god.
   353 | D:1      | Reached skill level 3 in Maces & Flails
   677 | D:1      | Reached XP level 3. HP: 11/23 MP: 3/3
  1460 | D:2      | Found Waito's Assorted Antiques.
  1537 | D:2      | Reached skill level 4 in Maces & Flails
  1727 | D:2      | Reached XP level 4. HP: 28/28 MP: 4/4
  1997 | D:2      | Found a white marble altar of Elyvilon.
  2082 | D:2      | Found Xaxzitoe's Antique Weapon Shoppe.
  2681 | D:3      | Found a transporter.
  2720 | D:3      | Found a transporter.
  2965 | D:3      | Reached skill level 5 in Maces & Flails
  2965 | D:3      | Reached XP level 5. HP: 30/32 MP: 5/5
  3493 | D:4      | Noticed an ice beast
  3495 | D:4      | Found a staircase to the Ecumenical Temple.
  3495 | D:4      | Noticed a centaur
  3509 | D:4      | Killed an ice beast
  3510 | D:4      | Reached skill level 6 in Maces & Flails
  3510 | D:4      | Reached XP level 6. HP: 17/37 MP: 6/6
  3706 | Temple   | Entered the Ecumenical Temple
  3837 | Temple   | Became a worshipper of Makhleb the Destroyer
  3907 | D:4      | Reached skill level 7 in Maces & Flails
  4377 | D:4      | Upgraded the game from 0.27-a0-1324-ge0d8e047f6 to
                  | 0.27-a0-1325-g58a489ad9e
  4435 | D:4      | Reached XP level 7. HP: 28/41 MP: 7/7
  5108 | D:5      | Entered Level 5 of the Dungeon
  5340 | D:5      | Noticed Prince Ribbit
  5371 | D:5      | Reached skill level 8 in Maces & Flails
  5624 | D:4      | Slain by Prince Ribbit

Illustrated notes

Levels and vault maps discovered:
D:1:      minmay_arrival_four_circles, layout_basic,
          hellmonk_ecumenical_altar_pennies_from_heaven, interstate_on_off,
          st_stairs_8
D:2:      layout_loops_corners, basic_altar, serial_shops, shop, shop
D:3:      gammafunk_steamed_eel, layout_loops_ring
D:4:      layout_cave_pods, minmay_temple_entry_butterflies
D:5:      layout_basic, lemuel_tele_altar, uniq_prince_ribbit1
Temple:   jpeg_temple_clearing

Skill      XL: |  1  2  3  4  5  6  7 |
---------------+----------------------+-----
Maces & Flails | 3 4 5 6 7 8 |  8.2
Fighting       | |  3.2
Armour         | |  3.2
Shields        | |  3.2

Action                   |  1- 3 |  4- 6 |  7- 9 || total
-------------------------+-------+-------+-------++-------
Melee: Flail             |   105 |   189 |    62 ||   356
Throw: Dart              |       |       |     7 ||     7
Armor: Scale mail        |    78 |    29 |       ||   107
       Chain mail        |       |    92 |    51 ||   143
Dodge: Dodged            |    37 |    46 |    12 ||    95
Block: Kite shield       |    67 |    74 |    37 ||   178

Table legend: (Time is in decaauts)
 A = Elapsed time spent in this place.
 B = Non-inter-level travel time spent in this place.
 C = Inter-level travel time spent in this place.
 D = Time resting spent in this place.
 E = Time spent auto-exploring this place.
 F = Levels seen in this place.
 G = Mean time per level.
                   A        B        C        D        E       F      G
               +--------+--------+--------+--------+--------+-----+--------+
         Total |   5764 |   5669 |     95 |    618 |   3981 |   6 |  960.7 |
       Dungeon |   5618 |   5545 |     73 |    618 |   3859 |   5 | 1123.6 |
        Temple |    145 |    123 |     22 |      0 |    122 |   1 |  145.0 |
               +--------+--------+--------+--------+--------+-----+--------+

Top non-repeatable levels by time:
     D:4: 1662 daAuts
     D:1: 1381 daAuts
     D:3: 1160 daAuts
     D:2: 1093 daAuts
     D:5: 320 daAuts
  Temple: 145 daAuts
